[Event "*** Titled Tuesday Blitz"]
[Site "Chess.com"]
[Date "2019.11.05"]
[Round "10"]
[White "Astaneh"]
[Black "Olga_Ustinova"]
[Result "1/2-1/2"]
[WhiteElo "2547"]
[BlackElo "2412"]
[TimeControl "180+2"]
[EndTime "15:19:17 PST"]
[Termination "Game drawn - insufficient material"]

1. d4 Nf6 2. c4 e6 3. Nf3 b6 4.
g3 Bb7 5. Bg2 Bb4+ 6. Bd2 a5 7.
O-O O-O 8. Bxb4 axb4 9. Nbd2 d6 10. Re1 Nbd7 11. Qb3 c5 12. e3 Qc7 13. Rec1 Rfd8 14.
Ne1 Bxg2 15. Kxg2 Ra5 16. a3 Rda8 17. Nc2 bxa3 18. Rxa3 Qc6+ 19. Kg1 h5 20. Rca1 Rxa3 21. Rxa3 Rxa3 22. Nxa3 h4 23. Qb5 Qxb5 24. Nxb5 hxg3 25. hxg3 d5 26. Kf1 cxd4 27. Nxd4 dxc4 28. Nxc4 Ne4 29. Ke2 Kf8 30. Nc6 f5 31. N6e5 Nxe5 32.
Nxe5 Ke7 33. Nc6+ Kd6 34. Nd4 g6 35. Nf3 Kd5 36. Ne1 Kc4 37. Nd3 g5 38. g4 fxg4 39. Ne5+ Kb3 40. Nxg4 Kxb2 41. Kd3 Nc3 42. Kc4 Nd1 43. Kb5 Kc3 44. Kxb6 Kd2 45. Kc5 Ke2 46. f4 gxf4 47. exf4 Kf3 48. Ne5+ Kxf4 49. Kd6 Kf5 50. Nc6 Nc3 51. Nd4+ Kf6 52. Nxe6 1/2-1/2

[Event "*** Titled Tuesday Blitz"]
[Site "Chess.com"]
[Date "2019.11.05"]
[Round "10"]
[White "misha_chessone"]
[Black "chanchakman"]
[Result "1-0"]
[WhiteElo "2344"]
[BlackElo "2147"]
[TimeControl "180+2"]
[EndTime "15:19:19 PST"]
[Termination "misha_chessone won on time"]

1. d4 Nf6 2. c4 g6 3. Nc3 Bg7 4. e4 d6 5. Be2 O-O 6. Bg5 h6 7. Be3 c5 8. e5 Nfd7 9. exd6 exd6 10. Nf3 Nc6 11. O-O cxd4 12. Nxd4 Nce5 13. Ndb5 Nb6 14.
Nxd6 Be6 15. c5 Nc8 16. Nxb7 Qh4 17. Nd6 Rb8 18. Qa4 Rb4 19. Qc2 Nxd6 20. cxd6 Bf5 21. Qd2 Rfb8 22. b3 Rd8 23. Rad1 Ng4 24. Bxg4 Bxg4 25. f3 Be5 26. g3 1-0

[Event "*** Titled Tuesday Blitz"]
[Site "Chess.com"]
[Date "2019.11.05"]
[Round "10"]
[White "Alexander_Moskalenko"]
[Black "gorgeous1083"]
[Result "1/2-1/2"]
[WhiteElo "2862"]
[BlackElo "2009"]
[TimeControl "180+2"]
[EndTime "15:19:20 PST"]
[Termination "Game drawn by repetition"]

1. e4 e5 2. Nf3 Nc6 3. Bb5 a6 4. Ba4 Nf6 5. O-O Bc5 6. c3 b5 7. Bc2 d6 8. d4 Bb6 9. a4 Bb7 10. h3 O-O 11. Be3 Re8 12. Nbd2 h6 13. Re1 Qe7 14. Qe2 b4 15. d5 bxc3 16. dxc6 cxd2 17.
Bxd2 Bxc6 18. a5 Bc5 19. b4 Bd4 20. Nxd4 exd4 21. Qc4 Bxe4 22. Qxd4 c5 23. bxc5 dxc5 24. Qc3 Qb7 25. Rab1 Qc6 26. Rb6 Qd7 27. Rxf6 Bxc2 28.
Bxh6 Rxe1+ 29. Kh2 gxh6 30. Rxh6 Qc7+ 31. g3 Qe5 32.
Qxc2 Re8 33. Qh7+ Kf8 34. Rh4 Qd5 35. Qh6+ Ke7 36. g4 Rh1+ 37. Kg3 Rg1+ 38. Kf4 Qd4+ 39. Kf3 Qc3+ 40. Ke4 Qd4+ 41. Kf3 Qc3+ 42. Ke4 Qd4+ 43. Kf3 1/2-1/2

[Event "*** Titled Tuesday Blitz"]
[Site "Chess.com"]
[Date "2019.11.05"]
[Round "10"]
[White "severomorskij"]
[Black "platy3"]
[Result "0-1"]
[WhiteElo "2888"]
[BlackElo "2919"]
[TimeControl "180+2"]
[EndTime "15:19:21 PST"]
[Termination "platy3 won on time"]

1. d4 Nf6 2. c4 e6 3. Nc3 Bb4 4. Nf3 b6 5. e3 Bb7 6. Bd3 O-O 7.
O-O d5 8. cxd5 exd5 9. Ne5 c5 10.
f4 cxd4 11. exd4 Nc6 12. Be3 Bxc3 13. bxc3 Ne4 14. Qf3 Ne7 15. f5 f6 16. Ng4 Rc8 17.
c4 Rxc4 18. Bxc4 dxc4 19. Qh3 Qd5 20. Rae1 b5 21. Kh1 c3 22. a3 a5 23. Rb1 Qc4 24. Bf4 b4 25. axb4 axb4 26. Ne3 Qd3 27. Rxb4 Qxf1+ 28. Nxf1 Nf2+ 29. Kg1 Nxh3+ 30. gxh3 Be4 31. Rc4 Nd5 32. Bd6 Rd8 33. Ba3 Ra8 34. Bd6 c2 35. Kf2 Bxf5 36. Ng3 Bd3 37. Rc5 Ra1 38. Ne2 Bxe2 39.
Rxc2 Bd3 40. Rc5 Be4 0-1

[Event "*** Titled Tuesday Blitz"]
[Site "Chess.com"]
[Date "2019.11.05"]
[Round "10"]
[White "hypert"]
[Black "el-reptiliano"]
[Result "0-1"]
[WhiteElo "2446"]
[BlackElo "2331"]
[TimeControl "180+2"]
[EndTime "15:19:27 PST"]
[Termination "el-reptiliano won by checkmate"]

1. e4 c5 2. Nf3 e6 3. d4 cxd4 4.
Nxd4 a6 5. Nc3 Qc7 6. Bd3 Nc6 7. Nxc6 bxc6 8. f4 d5 9. Qf3 Nf6 10. e5 Nd7 11. O-O Bc5+ 12. Kh1 Bb7 13. Qg3 g6 14. Rb1 h5 15. b4 Ba7 16. Na4 h4 17. Qh3 d4 18. c4 dxc3 19. Nxc3 c5 20. Ne4 Bd5 21.
Nd6+ Kf8 22. Bxa6 cxb4 23. Bd2 Bc5 24. Bc4 Ra3 25. Bb3 Bxd6 26. exd6 Qxd6 27. Bxd5 Rxh3 28.
Bxb4 Nc5 29. Bf3 Rxf3 30. Rxf3 Kg7 31. Rc1 Rc8 32. Rfc3 h3 33. Bxc5 Qd5 34. R3c2 Rxc5 35. Rxc5 Qxg2# 0-1

[Event "*** Titled Tuesday Blitz"]
[Site "Chess.com"]
[Date "2019.11.05"]
[Round "10"]
[White "arminmusovic"]
[Black "saraswathii"]
[Result "1/2-1/2"]
[WhiteElo "2427"]
[BlackElo "2244"]
[TimeControl "180+2"]
[EndTime "15:19:29 PST"]
[Termination "Game drawn - insufficient material"]

1. a3 Nf6 2. Nc3 g6 3. e4 d6 4. d4 Bg7 5. Bg5 O-O 6. f4 Nbd7 7. e5 Ne8 8. Bh4 c5 9. Nf3 cxd4 10. Qxd4 dxe5 11.
fxe5 Qb6 12. Qxb6 axb6 13. Bxe7 Nxe5 14. Nxe5 Bxe5 15. Bxf8 Kxf8 16. Bd3 Nd6 17. O-O Be6 18. Rae1 Bxc3 19. Rxe6 Bd4+ 20. Kh1 Nf5 21. Re4 Bxb2 22. g4 Nd6 23. Rb4 Bxa3 24. Rxb6 Bc5 25. Rb3 Ra4 26. h3 h5 27. Bxg6 hxg4 28. Bxf7 Nxf7 29. Rxb7 Be7 30.
hxg4 Rxg4 31. Rf3 Re4 32. c3 Kg7 33. Kg2 Ng5 34. Rg3 Kf6 35. Kf1 Ne6 36. Rf3+ Nf4 37.
Rb1 Kg5 38. Re1 Rxe1+ 39. Kxe1 Kg4 40. Rf1 Bf6 41. Kd2 Be5 42. c4 Bd4 43. Kc2 Kf5 44.
Re1 Ne6 45. Kb3 Nc5+ 46. Kc2 Kf4 47. Re8 Be5 48. Rc8 Ne6 49. c5 Ke4 50. Kb3 Kd5 51.
Kb4 Bd4 52. c6 Be5 53. Kb5 Bc7 54. Rxc7 Nxc7+ 55. Kb6 Kd6 56. Kb7 Nd5 57. c7 Nxc7 1/2-1/2

[Event "*** Titled Tuesday Blitz"]
[Site "Chess.com"]
[Date "2019.11.05"]
[Round "10"]
[White "Rhinos1"]
[Black "Chempiblinka"]
[Result "0-1"]
[WhiteElo "2068"]
[BlackElo "2297"]
[TimeControl "180+2"]
[EndTime "15:19:30 PST"]
[Termination "Chempiblinka won by resignation"]

1. d4 Nf6 2. Nf3 d6 3. g3 g6 4.
Bg2 Bg7 5. O-O O-O 6. c4 c6 7.
Nc3 Qa5 8. h3 Be6 9. Nd2 d5 10.
cxd5 cxd5 11. Nb3 Qd8 12. Bg5 Nbd7 13. Bxf6 Nxf6 14. Nc5 Bc8 15. Qb3 b6 16. Nxd5 bxc5 17. Nxf6+ Bxf6 18. Bxa8 Be6 19. d5 Bxh3 20. Bc6 Bxf1 21.
Rxf1 Qd6 22. Qa3 Rb8 23. b3 Bd4 24. Kg2 e6 25. e4 Qc7 26. Qa4 Rb4 27. Qa6 Rb6 28.
Qd3 h5 29. Rh1 a5 30. Qf3 exd5 31. Bxd5 Rf6 32. Qd3 Rxf2+ 0-1

[Event "*** Titled Tuesday Blitz"]
[Site "Chess.com"]
[Date "2019.11.05"]
[Round "10"]
[White "Sjakkerntobi"]
[Black "ural58"]
[Result "1-0"]
[WhiteElo "2173"]
[BlackElo "2443"]
[TimeControl "180+2"]
[EndTime "15:19:32 PST"]
[Termination "Sjakkerntobi won by resignation"]

1. e4 d5 2. exd5 Qxd5 3. Nf3 Bg4 4. Be2 Nc6 5. O-O O-O-O 6. h3 Bh5 7. Nc3 Qd7 8. d3 e6 9. Bf4 h6 10. Ne5 Bxe2 11.
Qxe2 Nxe5 12. Bxe5 f6 13. Bh2 e5 14. Qe3 Kb8 15. a4 Qc6 16. Nb5 Bc5 17. Qe2 a6 18. Nc3 Ne7 19. Rfb1 Bd4 20. Nd1 Nf5 21. c3 Ba7 22. Ne3 Nh4 23. Bg3 g5 24. b4 Qd7 25.
Rd1 Ng6 26. Nc4 h5 27. b5 h4 28. Bh2 Rhe8 29. bxa6 bxa6 30. Rab1+ Kc8 31. Qe4 Qf7 32.
Qa8+ Kd7 33. Qxa7 Ke7 34. Qxc7+ Kf8 35. Qxf7+ Kxf7 36. d4 e4 37. Nd6+ Rxd6 38. Bxd6 1-0

[Event "*** Titled Tuesday Blitz"]
[Site "Chess.com"]
[Date "2019.11.05"]
[Round "10"]
[White "Gabrielian_Artur"]
[Black "bubacik"]
[Result "1-0"]
[WhiteElo "2828"]
[BlackElo "2674"]
[TimeControl "180+2"]
[EndTime "15:19:33 PST"]
[Termination "Gabrielian_Artur won by resignation"]

1. e4 e5 2. Nf3 Nc6 3. Bb5 a6 4. Bxc6 dxc6 5. Nc3 f6 6. d3 c5 7. O-O Bd6 8. Nh4 Ne7 9. f4 Be6 10. fxe5 Bxe5 11. Nf3 Qd6 12. Nxe5 fxe5 13. Qh5+ g6 14. Qh4 h6 15. Bg5 Kd7 16. Bf6 Rh7 17. Qg3 Nc6 18.
Qxg6 Rf7 19. Bg7 Qd4+ 20. Kh1 Rxf1+ 21. Rxf1 Rg8 22. Qxh6 Ne7 23. Qg5 b5 24. Nd1 Qa4 25. Ne3 Qxa2 26. Qxe5 Qa5 27. Bf6 Qd2 28. Qxc5 Nc6 29.
Rg1 Qf2 30. b4 Bh3 31. Qd5+ 1-0

[Event "*** Titled Tuesday Blitz"]
[Site "Chess.com"]
[Date "2019.11.05"]
[Round "10"]
[White "AyelenChess"]
[Black "Galileo22"]
[Result "0-1"]
[WhiteElo "2068"]
[BlackElo "2413"]
[TimeControl "180+2"]
[EndTime "15:19:33 PST"]
[Termination "Galileo22 won by resignation"]

1. e4 c5 2. Nf3 Nc6 3. d4 cxd4 4. Nxd4 e5 5. Nb5 a6 6. Nd6+ Bxd6 7. Qxd6 Qf6 8. Qa3 Qg6 9. Be3 Nge7 10. Nc3 d6 11. O-O-O Be6 12. Rxd6 O-O 13. Nd5 Rac8 14. h4 Nxd5 15. exd5 Nb4 16. Qb3 Nxd5 17. h5 Qe4 18. h6 Nxe3 19. fxe3 Bxb3 20. Bd3 Qxe3+ 21. Kb1 g6 22. axb3 Rfd8 23. Rf6 Rc6 24. Rf3 Qg5 25.
Rhf1 Rd7 26. Bc4 Rxc4 27. bxc4 Qxh6 28. Rf6 Qe3 29. g4 e4 30. b3 Qd4 31. R6f4 Qe5 32.
R4f2 e3 33. Re2 Rd2 34. Ree1 e2 35. Rf3 Rd1+ 0-1

[Event "*** Titled Tuesday Blitz"]
[Site "Chess.com"]
[Date "2019.11.05"]
[Round "10"]
[White "Perecke"]
[Black "yjjga"]
[Result "1-0"]
[WhiteElo "2139"]
[BlackElo "2007"]
[TimeControl "180+2"]
[EndTime "15:19:41 PST"]
[Termination "Perecke won by checkmate"]

1. e4 c5 2. Nf3 Nc6 3. d4 cxd4 4. Nxd4 Nf6 5. Nc3 e5 6. Ndb5 d6 7. Nd5 Nxd5 8. exd5 Nb8 9. a4 Be7 10. Be2 O-O 11.
O-O Nd7 12. Be3 a6 13. Na3 f5 14. f4 Bf6 15. Nc4 exf4 16. Bxf4 Ne5 17. Bxe5 dxe5 18. a5 e4 19. c3 Bd7 20. Nb6 Rb8 21. Bc4 Be5 22. d6+ Kh8 23. Qd5 Bxh2+ 24. Kxh2 Bc6 25. Qe5 Rf6 26. d7 e3 27. Rad1 Rg6 28. Qxb8 Rxg2+ 29. Kh3 Rg3+ 30. Kxg3 Qxb8+ 31. Kh3 Bxd7 32. Rxd7 f4 33.
Rfd1 g5 34. Rd8+ Qxd8 35. Rxd8+ Kg7 36. Kg4 Kf6 37. Rf8+ Ke7 38. Rf7+ Kd6 39. Kxg5 f3 40.
Rxf3 Kc5 41. Rxe3 h6+ 42. Kg6 Kc6 43. Re6+ Kc5 44. b4# 1-0

[Event "*** Titled Tuesday Blitz"]
[Site "Chess.com"]
[Date "2019.11.05"]
[Round "10"]
[White "Oligan22"]
[Black "FelixJoseYnojosa"]
[Result "0-1"]
[WhiteElo "2475"]
[BlackElo "2650"]
[TimeControl "180+2"]
[EndTime "15:19:42 PST"]
[Termination "FelixJoseYnojosa won by resignation"]

1. e4 c5 2. Nf3 Nc6 3. d4 cxd4 4. Nxd4 e5 5. Nb5 d6 6. N1c3 a6 7. Na3 b5 8. Nd5 Nf6 9. Bg5 Be7 10. Bxf6 Bxf6 11.
c3 Bg5 12. Nc2 Rb8 13. a3 Be6 14. Ncb4 Nxb4 15. axb4 Qc8 16. Be2 O-O 17. O-O g6 18. Qd3 Kg7 19. Ra3 f5 20. Bf3 Bd8 21. Rfa1 Ra8 22. Ne3 f4 23. Nd5 Ra7 24. h3 h5 25.
Qd1 Kh6 26. Qd3 g5 27. Bd1 g4 28. Kh2 Rg8 29. h4 g3+ 30. fxg3 Rxg3 31. Bf3 Bg4 32. Nxf4 exf4 33. Qxd6+ Kh7 34. Rxa6 Rg7 35. Qxf4 Bxf3 36. Qxg3 Rxg3 37. Kxg3 Bxe4 38. Ra7+ Kh8 39. Re1 Qg4+ 40. Kf2 Bb6+ 0-1

[Event "*** Titled Tuesday Blitz"]
[Site "Chess.com"]
[Date "2019.11.05"]
[Round "10"]
[White "MartinZumsande"]
[Black "WPWPWP-2015"]
[Result "0-1"]
[WhiteElo "2535"]
[BlackElo "2489"]
[TimeControl "180+2"]
[EndTime "15:19:45 PST"]
[Termination "WPWPWP-2015 won by checkmate"]

1. e4 c5 2. c3 Nf6 3. e5 Nd5 4. d4 cxd4 5. cxd4 e6 6. Nc3 d6 7. f4 Nxc3 8. bxc3 dxe5 9. fxe5 Qh4+ 10. g3 Qe4+ 11. Kf2 Qxh1 12. Nf3 g5 13. Bxg5 Bd7 14. d5 Rg8 15. Be3 exd5 16. Rb1 Bc6 17. Qd4 Nd7 18.
Bd3 Bc5 19. Rxh1 Bxd4 20. cxd4 Nf8 21. Nh4 Bd7 22. Nf5 Bxf5 23. Bxf5 Ne6 24. Bxh7 Rh8 25.
Bf5 Rc8 26. h4 Rc4 27. Rd1 b5 28. Bd3 Rb4 29. Be2 a6 30. h5 Rb2 31. a3 Rxh5 32. Kf3 Rf5+ 33. Kg4 Rxe2 34. Kxf5 Rxe3 35. g4 Rf3# 0-1

[Event "*** Titled Tuesday Blitz"]
[Site "Chess.com"]
[Date "2019.11.05"]
[Round "10"]
[White "SanchezKelvin"]
[Black "eldur16"]
[Result "1-0"]
[WhiteElo "2506"]
[BlackElo "2565"]
[TimeControl "180+2"]
[EndTime "15:19:48 PST"]
[Termination "SanchezKelvin won on time"]

1. d4 f5 2. c4 Nf6 3. Nc3 e6 4. Nf3 Bb4 5. Qc2 O-O 6. h3 b6 7.
Rg1 Bb7 8. Bf4 Ne4 9. e3 d6 10. Bd3 Bxc3+ 11. bxc3 Nd7 12. Ke2 g5 13. Bh2 Ndf6 14.
Nd2 Qe7 15. f3 Nxd2 16. Kxd2 Rf7 17. Rae1 Raf8 18. Re2 h6 19. Rge1 Nh5 20. e4 fxe4 21.
Bxe4 Bxe4 22. Qxe4 Ng7 23. Bg3 Qd7 24. h4 d5 25. cxd5 exd5 26. Qg4 Qa4 27. hxg5 Qxa2+ 28. Ke3 h5 29. Qh3 Qb3 30. Be5 Qxc3+ 31. Kf2 a5 32. g6 Rf5 33. Re3 Qb2+ 34. R1e2 Qa1 35. Bxg7 Kxg7 36.
g4 Rxf3+ 37. Rxf3 Qxd4+ 38. Kg2 1-0

[Event "*** Titled Tuesday Blitz"]
[Site "Chess.com"]
[Date "2019.11.05"]
[Round "10"]
[White "olksuna"]
[Black "TomasKapitanchuk"]
[Result "1/2-1/2"]
[WhiteElo "2598"]
[BlackElo "2518"]
[TimeControl "180+2"]
[EndTime "15:19:50 PST"]
[Termination "Game drawn by repetition"]

1. c4 Nf6 2. Nc3 e6 3. Nf3 b6 4. g3 Bb7 5. Bg2 Be7 6. O-O O-O 7. d4 d5 8. cxd5 Nxd5 9. Qc2 c5 10. Rd1 Qc8 11. e4 Nb4 12. Qb1 cxd4 13. Nxd4 N8c6 14.
Be3 Nxd4 15. Bxd4 Rd8 16. Be3 Qc6 17. Rxd8+ Rxd8 18. a3 Nd3 19. Qc2 Ne5 20. Rd1 Rxd1+ 21. Qxd1 Nc4 22. Bc1 h6 23. Ne2 Ne5 24. Bf4 Bf6 25.
Be3 Nc4 26. Bd4 Nxb2 27. Bxb2 Bxb2 28. Qd8+ Kh7 29. Qe7 Kg8 30. Qd8+ Kh7 31. Qe7 Ba6 32. Bf3 Bxe2 33. Bxe2 Qxe4 34. Bh5 Bd4 35. Qxf7 a5 36.
a4 Qf5 37. Qxf5+ exf5 38. Bf7 g5 39. Kg2 Kg7 40. Bc4 Kf6 41. f3 Ke5 42. g4 Kf4 43. gxf5 Kxf5 44. h3 Kf4 45. Bb5 Be5 46. Be8 Ke3 47.
Bb5 Bf4 48. Be8 Kd4 49. Bb5 Kc5 50. Be8 Kd6 51. Bb5 Ke7 52. Ba6 Kd7 53. Bb5+ Kc7 54.
Ba6 Kc6 55. Bb5+ Kc5 56. Be8 Kb4 57. Bd7 Kc5 58. Be8 1/2-1/2

[Event "*** Titled Tuesday Blitz"]
[Site "Chess.com"]
[Date "2019.11.05"]
[Round "10"]
[White "Tsschessulover"]
[Black "Vojtap"]
[Result "1-0"]
[WhiteElo "2419"]
[BlackElo "2180"]
[TimeControl "180+2"]
[EndTime "15:19:54 PST"]
[Termination "Tsschessulover won by resignation"]

1. d4 Nf6 2. c4 c5 3. d5 e6 4.
Nc3 exd5 5. cxd5 d6 6. e4 g6 7. f4 Bg7 8. Bb5+ Nfd7 9. Bd3 Qh4+ 10. g3 Qd8 11. Nf3 O-O 12. O-O Na6 13. h3 Nc7 14. Kg2 Rb8 15. a4 a6 16. a5 b5 17. axb6 Rxb6 18. Qc2 Nb5 19. Bd2 Qc7 20. Nxb5 axb5 21.
Bc3 Nf6 22. Ba5 Qd7 23. Bxb6 Qxh3+ 24. Kf2 Ng4+ 25. Kg1 c4 26. Bxc4 bxc4 27. Qg2 Qxg2+ 28. Kxg2 Bxb2 29. Ra2 c3 30. Bd4 Bd7 31. Ra7 Bb5 32. Rh1 Bd3 33. Ng5 h5 34. Rc7 Ra8 35. Kf3 Nh6 36.
f5 Ra2 37. fxg6 Be2+ 38. Kxe2 Ba3+ 39. Kf3 c2 40. gxf7+ Kf8 41. Rc8+ Ke7 42. f8=Q+ 1-0

[Event "*** Titled Tuesday Blitz"]
[Site "Chess.com"]
[Date "2019.11.05"]
[Round "10"]
[White "DishonorOnYourCow"]
[Black "newauto"]
[Result "1-0"]
[WhiteElo "2270"]
[BlackElo "1928"]
[TimeControl "180+2"]
[EndTime "15:19:55 PST"]
[Termination "DishonorOnYourCow won by resignation"]

1. d4 c6 2. c4 d5 3. Nf3 Nf6 4. cxd5 cxd5 5. Nc3 Nc6 6. Bf4 Bf5 7. e3 e6 8. Bb5 Rc8 9. Ne5 Be7 10. O-O O-O 11. Nxc6 bxc6 12. Ba6 Ra8 13. Bb7 Qb6 14. Bxa8 Rxa8 15.
Na4 Qb5 16. b3 Nd7 17. Rc1 c5 18. dxc5 Nxc5 19. Nxc5 Bxc5 20. Qd2 Bb4 21. Qd4 Ba3 22. Rc7 f6 23. Qc3 e5 24. Bg3 Bb4 25. Qb2 Bd6 26.
Rcc1 a5 27. Rfd1 a4 28. b4 a3 29. Qb3 Be6 30. e4 Qxb4 31. Qxb4 Bxb4 32. exd5 Bf7 33.
f3 Rd8 34. Rc4 Ba5 35. Ra4 Bb6+ 36. Bf2 Bxf2+ 37. Kxf2 Rxd5 38. Rxd5 Bxd5 39. Rxa3 Kf7 40. Ra7+ Kg6 41. a4 f5 42. a5 Kg5 43. Rxg7+ Kf6 44. Rxh7 e4 45. fxe4 Bxe4 46. a6 Kg6 47. Re7 Bd5 48.
a7 Kf6 49. Re8 1-0

[Event "*** Titled Tuesday Blitz"]
[Site "Chess.com"]
[Date "2019.11.05"]
[Round "10"]
[White "TST2014"]
[Black "RoelandPruijssers"]
[Result "1/2-1/2"]
[WhiteElo "2534"]
[BlackElo "2629"]
[TimeControl "180+2"]
[EndTime "15:20:10 PST"]
[Termination "Game drawn by repetition"]

1. d4 f5 2. Nf3 Nf6 3. g3 g6 4.
Bg2 Bg7 5. O-O O-O 6. c3 e6 7. Qb3 Qe7 8. Nbd2 Kh8 9. Re1 d5 10. Ne5 b6 11. Ndf3 a5 12. a4 Bb7 13. Nh4 Kg8 14. Bg5 Qe8 15. Qa3 Nbd7 16. Nhf3 h6 17.
Bf4 g5 18. Nxd7 Qxd7 19. Be5 Rf7 20. b4 Bf8 21. Qb3 Ne4 22. Red1 Re7 23. b5 Ree8 24. e3 Rac8 25. Nd2 Nxd2 26. Rxd2 c5 27. bxc6 Qxc6 28.
Rb2 Qxc3 29. Qxc3 Rxc3 30. Rxb6 Bc6 31. Bf1 Bb4 32. Bb5 Rc8 33. Ba6 Ra8 34. Bb5 Rc8 35.
Ba6 Rf8 36. Bb7 Bxb7 37. Rxb7 Rf7 38. Rb8+ Rf8 39. Rb7 Rf7 40. Rb8+ Rf8 41. Rb7 1/2-1/2

[Event "*** Titled Tuesday Blitz"]
[Site "Chess.com"]
[Date "2019.11.05"]
[Round "10"]
[White "novocane"]
[Black "boasovietica"]
[Result "0-1"]
[WhiteElo "2183"]
[BlackElo "2432"]
[TimeControl "180+2"]
[EndTime "15:20:10 PST"]
[Termination "boasovietica won by resignation"]

1. d4 Nf6 2. c4 g6 3. Nc3 Bg7 4. e4 c5 5. d5 d6 6. f3 O-O 7. Bg5 e6 8. Qd2 exd5 9. cxd5 h6 10. Be3 Nh5 11. g4 Nf6 12. h4 h5 13. O-O-O b5 14.
Bxb5 Qb6 15. Bh6 Bxh6 16. Qxh6 Ba6 17. Be2 Nbd7 18. Rd2 Rab8 19. Nh3 Bxe2 20. Rxe2 Ne5 21. gxh5 Nd3+ 22. Kd1 Nxb2+ 23. Ke1 Qb4 24. Rc2 Nd3+ 25.
Kd2 Ne5 26. hxg6 Qd4+ 27. Kc1 Nd3+ 28. Kd2 Ne5+ 29. Kc1 fxg6 30. Rg1 Rf7 31. Ng5 Qxg1+ 32. Kd2 Qd4+ 33. Kc1 Nd3+ 34. Kd2 Nb4+ 35. Ke2 Qd3+ 36. Ke1 Nxc2+ 0-1

[Event "*** Titled Tuesday Blitz"]
[Site "Chess.com"]
[Date "2019.11.05"]
[Round "10"]
[White "NemtsevIgor"]
[Black "TheFireChess"]
[Result "0-1"]
[WhiteElo "2278"]
[BlackElo "2518"]
[TimeControl "180+2"]
[EndTime "15:20:11 PST"]
[Termination "TheFireChess won by checkmate"]

1. d4 d6 2. Bf4 f5 3. Nf3 g6 4. e3 Bg7 5. h4 Nf6 6. Nc3 O-O 7. Bc4+ e6 8. h5 Nxh5 9. Rxh5 gxh5 10. Qe2 d5 11. Bd3 Nd7 12. O-O-O c6 13. Rh1 Qe8 14. Ng5 h6 15. Nh3 e5 16. dxe5 Nxe5 17.
Bg3 Be6 18. Nf4 Bf7 19. Qd1 b5 20. Be2 b4 21. Nb1 Ng4 22. Nd2 c5 23. Nf3 Rd8 24. Nh4 Qe5 25. Nd3 Qf6 26. Bxg4 fxg4 27. Be5 Qg5 28.
Bxg7 Kxg7 29. Nf4 d4 30. Qe2 dxe3 31. fxe3 Rfe8 32. g3 c4 33. Rf1 Qe5 34. Nfg2 Be6 35. Nf4 Bf7 36. Nfg2 b3 37. axb3 cxb3 38. c3 Bg6 39. Nxg6 Kxg6 40. Nh4+ Kh7 41. Rf7+ Kg8 42. Qc4 Qxe3+ 43. Kb1 Qe1# 0-1

[Event "*** Titled Tuesday Blitz"]
[Site "Chess.com"]
[Date "2019.11.05"]
[Round "10"]
[White "HarutyunianTigranK"]
[Black "SerGo055"]
[Result "1-0"]
[WhiteElo "2828"]
[BlackElo "2566"]
[TimeControl "180+2"]
[EndTime "15:20:12 PST"]
[Termination "HarutyunianTigranK won by checkmate"]

1. c4 g6 2. Nf3 Bg7 3. d4 Nf6 4. g3 c5 5. Bg2 O-O 6. O-O d6 7. Nc3 Nc6 8. d5 Nb8 9. e4 a6 10. Re1 Nbd7 11. e5 dxe5 12. Nxe5 Nxe5 13. Rxe5 Ne8 14. Re1 Nd6 15. Bg5 f6 16. Bf4 Nxc4 17. Qe2 Ne5 18. Bxe5 fxe5 19. Qc4 Bf5 20. Qxc5 Rc8 21.
Qb4 b5 22. a4 Bd3 23. axb5 axb5 24. Re3 e4 25. Nxe4 Bxe4 26. Rxe4 Qd6 27. Rf1 Rc2 28.
Qxb5 Rxb2 29. Qc6 Rd2 30. Re6 Qd8 31. Qc1 Qa5 32. Rxe7 Bd4 33. Kh1 Rdxf2 34. Rxf2 Bxf2 35. d6 Bc5 36. Bd5+ Kh8 37. Qb2+ Bd4 38. Qxd4+ Rf6 39. Qxf6# 1-0

[Event "*** Titled Tuesday Blitz"]
[Site "Chess.com"]
[Date "2019.11.05"]
[Round "10"]
[White "DeGrootteZ"]
[Black "BlueWizzard"]
[Result "0-1"]
[WhiteElo "2621"]
[BlackElo "2816"]
[TimeControl "180+2"]
[EndTime "15:20:22 PST"]
[Termination "BlueWizzard won by resignation"]

1. e4 a6 2. d4 d6 3. f4 b5 4. Nf3 Bb7 5. Bd3 c5 6. c3 g6 7.
O-O Bg7 8. Qe2 Nh6 9. h3 O-O 10. Be3 cxd4 11. cxd4 Nc6 12. Nc3 e6 13. Rac1 Rc8 14.
Kh1 Kh8 15. Qf2 f5 16. e5 dxe5 17. fxe5 f4 18. Bd2 Nxe5 19. Nxe5 Bxe5 20. dxe5 Qxd3 21.
Kh2 g5 22. Rfd1 Qg6 23. Qb6 Rf7 24. Be1 g4 25. Rd8+ Kg7 26. Bh4 Ng8 27. Rxc8 gxh3 28. Rg1 hxg2 29. Qd8 Bxc8 30. Qxc8 f3 31. Nd1 Qg4 32.
Qd8 Qf4+ 33. Kh3 h6 34. Nf2 Qxe5 35. Ng4 Qf5 36. Kg3 Kh7 37. Qxg8+ Kxg8 38. Nxh6+ Kh7 39. Nxf5 Rxf5 40. Kf2 e5 41. Bd8 e4 42. Bb6 Rf6 43.
Ke3 f2 0-1

[Event "*** Titled Tuesday Blitz"]
[Site "Chess.com"]
[Date "2019.11.05"]
[Round "10"]
[White "CarlssonLudvig"]
[Black "vanyakuba"]
[Result "0-1"]
[WhiteElo "2460"]
[BlackElo "2399"]
[TimeControl "180+2"]
[EndTime "15:20:24 PST"]
[Termination "vanyakuba won by checkmate"]

1. Nf3 f5 2. d3 d6 3. e4 e5 4.
Nbd2 Nf6 5. c3 Nc6 6. Qc2 g6 7. d4 fxe4 8. Nxe4 Nxe4 9. Qxe4 d5 10. Qc2 e4 11. Ne5 Nxe5 12. dxe5 Bg7 13. Bf4 O-O 14. Bg3 Qe7 15. O-O-O c6 16. c4 Be6 17.
Kb1 Bf7 18. cxd5 cxd5 19. Qb3 Bxe5 20. Rxd5 Bxg3 21. hxg3 Bxd5 22. Qxd5+ Qf7 23. Qg5 Rac8 24. Qh6 a6 25. Be2 b5 26. Bg4 Rc6 27. Bd1 Qg7 28.
Bb3+ Kh8 29. Qe3 Rcf6 30. Qxe4 Rxf2 31. Bc2 Rf1+ 32. Rxf1 Rxf1+ 33. Bd1 Rxd1+ 34. Kc2 Rd8 35. Qg4 Qc7+ 36. Kb1 Qd7 37. Qb4 Qd1# 0-1

[Event "*** Titled Tuesday Blitz"]
[Site "Chess.com"]
[Date "2019.11.05"]
[Round "10"]
[White "SCIM"]
[Black "Shield12"]
[Result "1/2-1/2"]
[WhiteElo "2518"]
[BlackElo "2792"]
[TimeControl "180+2"]
[EndTime "15:20:29 PST"]
[Termination "Game drawn by repetition"]

1. d4 Nf6 2. c4 e6 3. Nc3 Bb4 4. Qc2 O-O 5. Nf3 d5 6. cxd5 exd5 7. Bf4 c5 8. dxc5 Be6 9. e3 Nbd7 10. Be2 Ne4 11. O-O Bxc3 12. bxc3 Ndxc5 13. Rfd1 Qa5 14. Be5 Rac8 15. Bd4 Na4 16. Bd3 Naxc3 17. Rdc1 Nb5 18. Qb2 Nxd4 19. Nxd4 Nc5 20. Bc2 Bd7 21. Bf5 Be6 22.
Rab1 b6 23. Rxc5 Rxc5 24. Bxe6 fxe6 25. Nxe6 Qc3 26. Nxc5 Qxb2 27. Rxb2 bxc5 28. Kf1 Rc8 29.
Ke2 Rc7 30. Kd3 Kf7 31. Rb5 Ke6 32. a4 g5 33. a5 Rc6 34. e4 Ke5 35. exd5 Kxd5 36.
Rb7 Ra6 37. Rd7+ Kc6 38. Rxh7 Rxa5 39. Rg7 Ra3+ 40. Kc4 Ra4+ 41. Kb3 Rb4+ 42. Kc3 a5 43. Rxg5 a4 44. Rg8 Rb1 45. Ra8 Rc1+ 46. Kd2 Rg1 47. g3 Kb5 48. h4 Kb4 49. Rb8+ Kc4 50. Ra8 Kb3 51. Rb8+ Kc4 52. Ra8 Kb3 53. Rb8+ Kc4 1/2-1/2

[Event "*** Titled Tuesday Blitz"]
[Site "Chess.com"]
[Date "2019.11.05"]
[Round "10"]
[White "ShahMatKanal"]
[Black "Zq1"]
[Result "1-0"]
[WhiteElo "2536"]
[BlackElo "2591"]
[TimeControl "180+2"]
[EndTime "15:20:30 PST"]
[Termination "ShahMatKanal won by resignation"]

1. d4 Nf6 2. Bf4 g6 3. e3 Bg7 4. Nf3 O-O 5. h3 c5 6. c3 d6 7. Bh2 Nbd7 8. Be2 a6 9. O-O b5 10. a4 b4 11. dxc5 bxc3 12. Nxc3 Nxc5 13. Nd4 Bb7 14.
b4 Nce4 15. Nxe4 Nxe4 16. Qd3 e5 17. Nb3 Qb6 18. Na5 Qxb4 19. Nxb7 Qxb7 20. Rab1 Qc6 21.
Bf3 f5 22. a5 Rac8 23. Rb6 Qc4 24. Bxe4 fxe4 25. Qxd6 Qc5 26. Qxc5 Rxc5 27. Rxa6 Bh6 28. Re6 Rxa5 29. Rxe5 Ra4 30. Bg3 Bg7 31. Re7 Bf6 32. Re6 h5 33. h4 Kf7 34. Rb6 Ra3 35.
Bd6 Rfa8 36. Bxa3 Rxa3 37. Rb4 Bxh4 38. Rxe4 Bf6 39. g3 g5 40. Kg2 g4 41. Rh1 Kg6 42. Rc4 Ra6 43. Rc5 Bg5 44. Rhc1 Bf6 45. Rd5 h4 46. gxh4 Bxh4 47. Rc4 1-0